 Dungeon Crawl Stone Soup version 0.24-a0-130-ga3c21ff (webtiles) character file.

Game seed: 3853745152005072596

31 emperorscorpion the Charmwright (level 3, -8/18 HPs)
             Began as a Vine Stalker Skald on Feb 26, 2019.
             Mangled by an ice beast (10 damage)
             ... on level 6 of the Dungeon.
             The game lasted 00:02:34 (1098 turns).

emperorscorpion the Charmwright (VSSk)              Turns: 1098, Time: 00:02:35

Health: -8/18      AC:  3    Str: 14    XL:     3   Next: 22%
Magic:  0/7        EV: 12    Int: 13    God:
Gold:   15         SH:  0    Dex: 13    Spells: 5/6 levels left

rFire    . . .     SeeInvis .   b - +0 rapier
rCold    . . .     Gourm    .   (no shield)
rNeg     . . .     Faith    .   c - +0 leather armour
rPois    .         Spirit   +   (no helmet)
rElec    .         Reflect  .   (no cloak)
rCorr    .         Harm     .   (no gloves)
MR       .....                  (no boots)
Stlth    +.........             (no amulet)
HPRegen  0.06/turn              (no ring)
MPRegen  0.10/turn              (no ring)

@: no status effects
A: fangs 2, magic shield, antimagic bite, no potion heal 3, rot immunity
a: no special abilities


You were on level 6 of the Dungeon.
You were not hungry.

You visited 1 branch of the dungeon, and saw 6 of its levels.

You collected 15 gold pieces.

Inventory:

Hand Weapons
 a - a +0 short sword
 b - a +0 rapier (weapon)
Armour
 c - a +0 leather armour (worn)
 f - a +0 scale mail
Scrolls
 e - a scroll of amnesia {unknown}
Comestibles
 d - 4 rations


   Skills:
 + Level 2.0 Fighting
 + Level 2.0 Short Blades
 + Level 1.6 Armour
 + Level 1.9 Dodging
 + Level 2.2 Spellcasting
 + Level 3.1 Charms


You had 5 spell levels left.
You knew the following spells:

 Your Spells              Type           Power        Failure   Level  Hunger
a - Infusion              Chrm           #...         9%          1    ##.....

Your spell library contained the following spells:

 Spells                   Type           Power        Failure   Level  Hunger
 Song of Slaying          Chrm           #.......     13%         2    ###....
 Shroud of Golubria       Chrm/Tloc      #.........   24%         2    ###....
 Regeneration             Chrm/Necr      #.........   43%         3    ####...
 Spectral Weapon          Hex/Chrm       #.......     43%         3    ####...


Dungeon Overview and Level Annotations

Branches:
Dungeon (6/15)
 Temple: D:4-7

Altars:


Innate Abilities, Weirdness & Mutations

You have extremely sharp teeth.
When hurt, damage is shared between your health and your magic reserves.
Your bite disrupts and absorbs the magic of your enemies.
Potions cannot restore your health.
You are immune to rotting.


Message History

You hit the ice beast but do no damage.
The ice beast is moderately wounded.
The ice beast barely misses you.
You hit the ice beast. You bite the ice beast. You drain its power.
You feel invigorated.
The ice beast is moderately wounded.
The ice beast completely misses you.
The ice beast hits you but does no damage.
You closely miss the ice beast.
You bite the ice beast, but do no damage.
The ice beast is moderately wounded.
The ice beast completely misses you.
You hit the ice beast but do no damage. You bite the ice beast.
You drain its power.
You feel invigorated.
The ice beast is heavily wounded.
The ice beast hits you.
* * * LOW HITPOINT WARNING * * *
The ice beast freezes you!
Ouch! That really hurt!
You die...

. ......###......#.. ....
..#.##...##..........
....##
#.#.....#........##..
...... #..............###
. ......
##.##...........#
.....###..............##
.....#................###
#...............#.....#
##.#......#..Y@.###...##
#.........#....## #...#
#.........#...## #####
#..............#
##...........###
##......##..#
#.......#### ##.#.....#
###.....#


You could see an ice beast.

Vanquished Creatures
  A hound skeleton (D:5)
  A dart slug (D:2)
  2 leopard geckos
  2 giant cockroaches (D:2)
  3 jackals (D:6)
  A quokka (D:5)
  2 kobolds (D:2)
  A rat (D:2)
13 creatures vanquished.

Notes
Turn   | Place    | Note
-------+----------+-------------------------------------------
     0 | D:1      | emperorscorpion the Vine Stalker Skald began the quest for
                  | the Orb.
     0 | D:1      | Reached XP level 1. HP: 11/11 MP: 4/4
   209 | D:2      | Reached XP level 2. HP: 11/15 MP: 6/6
   293 | D:2      | You fall through a shaft for 2 floors!
   333 | D:5      | Entered Level 5 of the Dungeon
   523 | D:5      | Noticed a crimson imp
   677 | D:5      | Reached skill level 1 in Armour
   677 | D:5      | Reached XP level 3. HP: 3/18 MP: 4/7
  1075 | D:6      | Noticed an ice beast
  1098 | D:6      | Mangled by an ice beast

Levels and vault maps discovered:
D:1:      dpeg_arrival_simpleton_c, layout_basic, kennysheep_pointless_box,
          minmay_split_cup_small
D:2:      layout_basic, marbit_many_paths, lightli_temple_of_fire,
          chequers_ecumenical_altar_lobes, grunt_ministairs_1
D:3:      layout_basic, lemuel_crystal_altar, lemuel_zombie_altar_kikubaaqudgha,
          lemuel_doored_altar, nicolae_overflow_hidden_temple
D:4:      layout_basic, dancing_weapons_uskayaw, kennysheep_generic_room_14
D:5:      layout_basic, first_ration, uniq_ijyb
D:6:      layout_cave_pools, uniq_blork_the_orc

Skill      XL: |  1  2  3 |
---------------+----------+-----
Armour         | 1 |  1.6
Short Blades   | 2 |  2.0
Fighting       | 2 |  2.0
Dodging        | |  1.9
Spellcasting   | |  2.2
Charms         | |  3.1

Action                   || total
-------------------------++-------
Melee: Short sword       ||   131
       Bite              ||    30
       Rapier            ||    20
  Use: Potion            ||     1
  Eat: Chunk             ||     1
Armor: Leather armour    ||    31
Dodge: Dodged            ||    85

Table legend:
 A = Non-vault XP
 B = Vault XP
 C = Vault XP percentage of total XP
 D = Non-vault monster count
 E = Vault monster count
 F = Vault count percentage of total count
                 A         B        C        D         E       F
            +---------+---------+-------+---------+---------+-------
      Total |      41 |       4 |   8.9 |      12 |       1 |   7.7
            +---------+---------+-------+---------+---------+-------
        D:2 |       8 |       4 |  33.3 |       5 |       1 |  16.7
        D:5 |      24 |       0 |   0.0 |       3 |       0 |   0.0
        D:6 |       9 |       0 |   0.0 |       4 |       0 |   0.0
            +---------+---------+-------+---------+---------+-------
